 Dungeon Sprint DCSS version 0.21-a0-88-g13b9641 (webtiles) character file.

7894 Kidiri the Martial Artist (level 11, -5/84 HPs)
             Began as a Demonspawn Transmuter on June 27, 2017.
             Was the Champion of Wu Jian.
             Slain by Urug
             ... wielding a +2 double sword of holy wrath
              (13 damage)
             ... in the Dungeon (Sprint III: "The Ten Rune Challenge").
             The game lasted 00:17:31 (3708 turns).

Kidiri the Martial Artist (Demonspawn Transmuter)   Turns: 3708, Time: 00:17:32

Health: -5/84      AC:  5    Str: 10    XL:     11   Next: 2%
Magic:  21/25      EV: 19    Int: 17    God:    Wu Jian [******]
Gold:   20         SH:  0    Dex: 17    Spells: 4/30 levels left

rFire    . . .     SeeInvis .     - Unarmed
rCold    . . .     Gourm    .   (shield currently unavailable)
rNeg     . . .     Faith    .   b - +0 robe
rPois    .         Spirit   .   (helmet restricted)
rElec    .         Reflect  .   (no cloak)
rCorr    .         Harm     .   (gloves currently unavailable)
MR       .....     NoTele   +   (no boots)
Stlth    ++++++....             (no amulet)
HPRegen  0.24/turn              (no ring)
MPRegen  0.19/turn              (no ring)

@: blade hands (expiring)
A: hooves 1, horns 1, molten scales 2, agile 1, nightstalker 3, powered by death
2
a: End Transformation, Serpent's Lash, Heavenly Storm, Renounce Religion


You were in the Dungeon.
You worshipped Wu Jian.
Wu Jian was exalted by your worship.
You were not hungry.
You had blades for hands.
You visited 1 branch You collected 20 gold pieces.

Inventory:

Missiles
 a - 73 arrows
Armour
 b - a +0 robe (worn)
Wands
 k - a wand of confusion (38/48)
Scrolls
 o - 2 scrolls of holy word
 q - a scroll of remove curse
Potions
 e - 3 potions of curing
 g - a potion of haste
 h - 2 potions of magic
 i - a potion of berserk rage
 n - 2 potions of mutation
 s - a potion of flight
Books
 c - a book of Changes

   Spells                             Type                      Level
   a - Beastly Appendage              Transmutation                1
   b - Sticks to Snakes               Transmutation                2
   c - Spider Form                    Transmutation/Poison         3
   d - Ice Form                       Ice/Transmutation            4
   e - Blade Hands                    Transmutation                5
 f - a book of Cantrips

   Spells                             Type                      Level
   a - Confusing Touch                Hexes                        1
   b - Animate Skeleton               Necromancy                   1
   c - Summon Small Mammal            Summoning                    1
   d - Apportation                    Translocation                1
 j - a book of Misfortune

   Spells                             Type                      Level
   a - Confusing Touch                Hexes                        1
   b - Confuse                        Hexes                        3
   c - Gell's Gravitas                Translocation                3
   d - Petrify                        Transmutation/Earth          4
   e - Metabolic Englaciation         Hexes/Ice                    5
   f - Yara's Violent Unravelling     Hexes/Transmutation          5
Comestibles
 d - a bread ration
 l - 22 royal jellies


   Skills:
 + Level 7.1 Fighting
 + Level 6.1 Armour
 * Level 9.8 Dodging
 + Level 6.8 Stealth
 * Level 10.5 Unarmed Combat
 * Level 10.0 Spellcasting
 + Level 5.1 Hexes
 + Level 4.8 Translocations
 * Level 9.8 Transmutations
 + Level 6.2 Ice Magic
 + Level 6.8 Poison Magic


You had 4 spell levels left.
You knew the following spells:

 Your Spells              Type           Power        Failure   Level  Hunger
a - Beastly Appendage     Tmut           #####.       8%          1    None
b - Sticks to Snakes      Tmut           #####...     9%          2    None
c - Spider Form           Tmut/Pois      #####.....   14%         3    None
d - Ice Form              Ice/Tmut       #####...     26%         4    ###....
e - Blade Hands           Tmut           #####.....   30%         5    #####..
f - Confusing Touch       Hex            ####..       16%         1    None
g - Gell's Gravitas       Tloc           ####......   26%         3    None
h - Confuse               Hex            ####....     26%         3    None
i - Petrify               Tmut/Erth      ####....     47%         4    ###....


Dungeon Overview and Level Annotations

Branches:
Dungeon (1/1)

Altars:
Cheibriados
Dithmenos
Elyvilon
Fedhas
Gozag
Hepliaklqana
Kikubaaqudgha
Makhleb
Nemelex Xobeh
Okawaru
Qazlal
Ru
Sif Muna
Trog
Uskayaw
Vehumet
Wu Jian
Xom
Yredelemnul
Zin
The Shining One
Beogh
Jiyva
Lugonu

Annotations:
D exclusion: 2 doors, Urug


Innate Abilities, Weirdness & Mutations

You have large cloven feet.
You are mostly covered in molten scales. (AC +3)
You are completely attuned to the shadows.
You regenerate health from kills.
You have a pair of small horns on your head.
You are agile. (Dex +2)


Message History

You slice Urug!! Your headbutt misses Urug.
Urug is almost dead.
Unknown command.
You hit Urug but do no damage. You kick Urug, but do no damage.
Urug is almost dead.
Urug seems less confused.
Urug zaps a wand.
The bolt of lightning hits you!
* * * LOW HITPOINT WARNING * * *
The bolt of lightning misses you.
It is a wand of lightning (?/15).
Unknown command.
Unknown command.
Okay, then.
Unknown command.
Unknown command.
You barely miss Urug.
Urug is almost dead.
Your transformation is almost over.
Urug hits you with a double sword of holy wrath!
* * * LOW HITPOINT WARNING * * *
You convulse!
You die...

≈**,≈≈≈≈+♣♣'♣≈≈≈≈≈≈≈≈≈≈≈≈♣♣P.'.#.
≈≈+,,,,,#.≈♣♣♣♣♣♣♣♣♣♣♣♣♣♣♣♣PP##.#
≈*******#..♣♣ ♣♣♣##+# ≈*
###'♣♣♣♣♣*************,,, ****
♣♣♣♣.##..##≈≈≈≈≈≈,,*,,*,,, ,,,**
♣...##.##.#≈≈≈≈≈,,,*,,*,,, ***+*
♣♣.##.##(##+≈≈≈≈≈****+**** ,,,,*
♣..#.##...#≈≈,,,,,,,,*,,, *******
♣♣.##.##@o#≈,,+*******,,, ,,,,,,*
♣♣.##.#####,,,*,,,,,,*,,, ,,,,,,*
♣.....#*,,,,,,****,_,*,,, **+****
#######*+*************+** *≈**
*,,,,,,,,,,,***,,, **,*
*,,,,,,,,,,,,**,** *,** ******
***********,,**,*, **,* *,,,,*
**,,,,,,,,,,,**,*, *,** *,,,,*
*,,,,,,,,,,,***,*,


You could see Urug.

Vanquished Creatures
  A centaur warrior (D)
  Erica (D)
  2 unseen horrors (D)
  A lindwurm (D)
  A deep elf mage (D)
  2 spiny frogs (D)
  A komodo dragon (D)
  A queen bee (D)
  2 tyrant leeches (D)
  A shadow (D)
  3 redbacks (D)
  A spatial vortex (D)
  A necrophage (D)
  2 centaurs (D)
  An earth elemental (D)
  A water elemental (D)
  A scorpion (D)
  32 killer bees (D)
  3 wandering mushrooms (D)
  A jelly (D)
  Jessica (D)
  A wizard (D)
  A necromancer (D)
  3 humans (D)
  A kobold demonologist (D)
  2 oozes (D)
  A rat (D)
69 creatures vanquished.

Vanquished Creatures (others)
  2 draconian scorchers (D)
  6 hellions (D)
  2 yaktaurs (D)
10 creatures vanquished.

Grand Total: 79 creatures vanquished

Notes
Turn   | Place    | Note
-------+----------+-------------------------------------------
     0 | D        | Kidiri the Demonspawn Transmuter began the quest for the Orb.
     0 | D        | Reached XP level 1. HP: 15/15 MP: 3/3
    18 | D        | Gained mutation: You are partially covered in molten scales. (AC +2) [demonic ancestry]
    18 | D        | Reached XP level 2. HP: 4/21 MP: 3/5
    23 | D        | Learned a level 2 spell: Sticks to Snakes
    86 | D        | Killed a hellion
   143 | D        | Killed a hellion
   144 | D        | Killed a hellion
   151 | D        | Killed a yaktaur
   156 | D        | Killed a hellion
   156 | D        | Killed a hellion
   172 | D        | Killed a white draconian scorcher
   228 | D        | Killed a white draconian scorcher
   270 | D        | Noticed Jessica
   287 | D        | Killed Jessica
   287 | D        | Gained mutation: You are mostly covered in molten scales. (AC +3) [demonic ancestry]
   287 | D        | Reached XP level 3. HP: 12/26 MP: 5/7
   304 | D        | Learned a level 3 spell: Spider Form
   347 | D        | Killed a hellion
   557 | D        | Reached skill level 5 in Unarmed Combat
   568 | D        | Noticed a scorpion
   576 | D        | Killed a scorpion
   576 | D        | Reached skill level 1 in Armour
   576 | D        | Reached skill level 1 in Stealth
   576 | D        | Reached skill level 1 in Poison Magic
   576 | D        | Gained mutation: You regenerate a little health from kills. [demonic ancestry]
   576 | D        | Reached XP level 4. HP: 23/33 MP: 2/9
   582 | D        | Learned a level 4 spell: Ice Form
   675 | D        | Gained mutation: You can translocate small distances at will. [potion of mutation]
   675 | D        | Gained mutation: You have sharp toenails. [potion of mutation]
   675 | D        | Gained mutation: Scrolls take you a little longer to read. [potion of mutation]
   675 | D        | Gained mutation: You have a pair of small horns on your head. [potion of mutation]
   676 | D        | Lost mutation: You can translocate small distances at will. [potion of mutation]
   676 | D        | Lost mutation: Scrolls take you a little longer to read. [potion of mutation]
   676 | D        | Gained mutation: You expend magic power (3 MP) to strengthen your wands. [potion of mutation]
   676 | D        | Gained mutation: You are frail. (-10% HP) [potion of mutation]
   676 | D        | Gained mutation: You are covered in fur. (AC +1) [potion of mutation]
   677 | D        | Lost mutation: You expend magic power (3 MP) to strengthen your wands. [potion of mutation]
   677 | D        | Lost mutation: You have a pair of small horns on your head. [potion of mutation]
   677 | D        | Lost mutation: You are covered in fur. (AC +1) [potion of mutation]
   677 | D        | Lost mutation: You are frail. (-10% HP) [potion of mutation]
   677 | D        | Gained mutation: You are agile. (Dex +2) [potion of mutation]
   677 | D        | Gained mutation: You have a pair of small horns on your head. [potion of mutation]
   882 | D        | Noticed a water elemental
   887 | D        | Killed a water elemental
   887 | D        | Reached skill level 1 in Ice Magic
   887 | D        | Reached XP level 5. HP: 39/39 MP: 5/11
   892 | D        | Found an ornate altar of the Wu Jian Council.
   892 | D        | Found a roughly hewn altar of Beogh.
   892 | D        | Found an iron altar of Okawaru.
   892 | D        | Found a bloodstained altar of Trog.
   892 | D        | Found a hide-covered altar of Uskayaw.
   892 | D        | Noticed a human
   892 | D        | Noticed a human
   895 | D        | Became a worshipper of the Wu Jian Council
   909 | D        | Killed a human
   909 | D        | Reached skill level 5 in Spellcasting
   909 | D        | Gained mutation: You are slightly more attuned to the shadows. [demonic ancestry]
   909 | D        | Reached XP level 6. HP: 14/47 MP: 8/13
   946 | D        | Killed a human
   946 | D        | Reached skill level 5 in Dodging
   946 | D        | Reached skill level 5 in Transmutations
  1208 | D        | Learned a level 5 spell: Blade Hands
  1255 | D        | Found a radiant altar of Vehumet.
  1256 | D        | Found a deep blue altar of Sif Muna.
  1256 | D        | Found an ancient bone altar of Kikubaaqudgha.
  1258 | D        | Reached * piety under Wu Jian
  1267 | D        | Learned a level 1 spell: Confusing Touch
  1311 | D        | Found a glowing silver altar of Zin.
  1312 | D        | Found a glowing golden altar of the Shining One.
  1312 | D        | Found a white marble altar of Elyvilon.
  1312 | D        | Noticed a deep elf mage
  1323 | D        | Killed a deep elf mage
  1323 | D        | Gained mutation: You are significantly more attuned to the shadows. [demonic ancestry]
  1323 | D        | Reached XP level 7. HP: 50/55 MP: 11/16
  1331 | D        | Learned a level 3 spell: Gell's Gravitas
  1362 | D        | Found a basalt altar of Yredelemnul.
  1362 | D        | Found a shadowy altar of Dithmenos.
  1362 | D        | Found a sacrificial altar of Ru.
  1365 | D        | Reached ** piety under Wu Jian
  1379 | D        | Noticed a shadow
  1381 | D        | Killed a shadow
  1381 | D        | Reached skill level 1 in Hexes
  1381 | D        | Reached XP level 8. HP: 61/61 MP: 14/18
  1391 | D        | Found a blossoming altar of Fedhas.
  1391 | D        | Found a stormy altar of Qazlal.
  1391 | D        | Found a snail-covered altar of Cheibriados.
  1391 | D        | Found a burning altar of Makhleb.
  1391 | D        | Found a shimmering altar of Xom.
  1392 | D        | Found a hazy altar of Hepliaklqana.
  1392 | D        | Found an opulent altar of Gozag.
  1392 | D        | Found a sparkling altar of Nemelex Xobeh.
  1392 | D        | Found a corrupted altar of Lugonu.
  1392 | D        | Found a viscous altar of Jiyva.
  1402 | D        | Reached *** piety under Wu Jian
  1402 | D        | Reached skill level 1 in Translocations
  1507 | D        | Noticed Erica
  1514 | D        | Killed Erica
  1514 | D        | Reached skill level 5 in Fighting
  1514 | D        | Reached skill level 5 in Poison Magic
  1529 | D        | Reached skill level 5 in Stealth
  1529 | D        | Gained mutation: You regenerate health from kills. [demonic ancestry]
  1529 | D        | Reached XP level 9. HP: 58/68 MP: 16/20
  1535 | D        | Learned a level 3 spell: Confuse
  1578 | D        | Noticed a centaur warrior
  1581 | D        | Reached **** piety under Wu Jian
  1588 | D        | Killed a centaur warrior
  1647 | D        | Killed an unseen horror
  1647 | D        | Reached skill level 5 in Armour
  1852 | D        | Killed a yaktaur
  1900 | D        | Killed an unseen horror
  1900 | D        | Reached skill level 5 in Ice Magic
  2137 | D        | Gained mutation: You are completely attuned to the shadows. [demonic ancestry]
  2137 | D        | Reached XP level 10. HP: 76/76 MP: 15/22
  2144 | D        | Reached ***** piety under Wu Jian
  2168 | D        | Reached ****** piety under Wu Jian
  2190 | D        | Reached skill level 10 in Unarmed Combat
  2574 | D        | Noticed a spiny frog
  2574 | D        | Noticed a spiny frog
  2576 | D        | Killed a spiny frog
  2579 | D        | Killed a spiny frog
  2899 | D        | Noticed a lindwurm
  3240 | D        | Killed a lindwurm
  3240 | D        | Reached skill level 5 in Hexes
  3295 | D        | Lost mutation: You have sharp toenails. [demonic ancestry]
  3295 | D        | Gained mutation: You have large cloven feet. [demonic ancestry]
  3295 | D        | Reached XP level 11. HP: 72/84 MP: 18/24
  3329 | D        | Learned a level 4 spell: Petrify
  3342 | D        | Reached skill level 10 in Spellcasting
  3700 | D        | Noticed Urug
  3708 | D        | Slain by Urug

Vault maps used:
D:        dungeon_sprint_mu

Skill      XL: |  1  2  3  4  5  6  7  8  9 10 11 |
---------------+----------------------------------+-----
Dodging        | 2 3 4 6 7 8 9 |  9.8
Unarmed Combat | 3 4 5 6 7 8 9 10 | 10.5
Transmutations | 2 3 4 6 7 8 9 |  9.8
Spellcasting   | 3 4 5 6 7 8 9 10 | 10.0
Fighting       | 2 3 4 5 6 7 |  7.1
Armour         | 1 2 3 4 5 6 |  6.1
Stealth        | 1 2 4 5 6 |  6.8
Poison Magic   | 1 2 4 5 6 |  6.8
Ice Magic      | 1 2 3 4 5 6 |  6.2
Hexes          | 1 2 4 5 |  5.1
Translocations | 2 3 4 |  4.8

Action                   |  1- 3 |  4- 6 |  7- 9 | 10-12 || total
-------------------------+-------+-------+-------+-------++-------
Melee: Unarmed           |    45 |    34 |    41 |   132 ||   252
       Kick              |     3 |       |     8 |    23 ||    34
       Headbutt          |     1 |       |     6 |    12 ||    19
       Punch             |       |       |     1 |     4 ||     5
 Cast: Beastly Appendage |     3 |       |       |       ||     3
       Spider Form       |     3 |     3 |     2 |     3 ||    11
       Ice Form          |       |     1 |       |     1 ||     2
       Confusing Touch   |       |     1 |     3 |     4 ||     8
       Blade Hands       |       |       |     5 |     8 ||    13
       Gell's Gravitas   |       |       |       |     4 ||     4
  Use: Scroll            |       |     9 |       |       ||     9
       Potion            |       |     4 |     1 |       ||     5
 Stab: Confused          |       |     2 |     2 |     3 ||     7
       Sleeping          |       |     1 |     2 |     5 ||     8
       Distracted        |       |       |       |     1 ||     1
  Eat: Royal jelly       |       |     2 |     1 |     5 ||     8
       Chunk             |       |       |     2 |       ||     2
Armor: Robe              |     4 |       |     5 |     8 ||    17
       Skin              |       |     2 |     3 |       ||     5
Dodge: Dodged            |    29 |    24 |    35 |    72 ||   160
